 Dungeon Crawl Stone Soup version 0.29.1-13-g9f3cf754e1 (webtiles) character file.

Game seed: 12085477411871446749

81 javelincjr the Digger (level 4, -5/24 HPs)
             Began as a Gargoyle Earth Elementalist on Jan 23, 2023.
             Slain by a river rat (7 damage)
             ... on level 3 of the Dungeon.
             The game lasted 00:06:36 (2316 turns).

javelincjr the Digger (Gargoyle Earth Elementalist) Turns: 2316, Time: 00:06:37

Health: -5/24      AC:  5    Str: 15    XL:     4   Next: 40%
Magic:  3/7        EV: 11    Int: 17    God:
Gold:   80         SH:  4    Dex:  9    Spells: 6/7 levels left

rFire   . . .      SeeInvis .   c - +2 dagger (venom)
rCold   . . .      Faith    .   d - +1 buckler
rNeg    + . .      Spirit   .   a - +0 robe
rPois   ∞          Reflect  .   (helmet restricted)
rElec   +          Harm     .   (no cloak)
rCorr   .          Rampage  .   (no gloves)
Will    .....                   (no boots)
Stlth   +.........              (no amulet)
HPRegen 0.00/turn               (no ring)
MPRegen 0.10/turn               (no ring)

@: inhibited regen, very slow
A: sickness immunity, AC +3, negative energy resistance 1, electricity
resistance, torment resistance 1, petrification resistance, horns 1, inhibited
regeneration, strong 1
a: no special abilities


You were on level 3 of the Dungeon.
You visited 1 branch of the dungeon, and saw 3 of its levels.

You collected 80 gold pieces.

Inventory:

Hand Weapons
 c - a +2 dagger of venom (weapon)
 m - a +0 dagger of draining
Missiles
 e - 8 poisoned darts
Armour
 a - a +0 robe (worn)
 d - a +1 buckler (worn)
Magical Staves
 f - a staff of death
Potions
 b - a potion of magic
 h - 3 potions of might
 i - 2 potions of flight
 n - a potion of curing


   Skills:
 + Level 0.2 Fighting
 + Level 0.6 Short Blades
 + Level 2.0 Dodging
 + Level 2.8 Stealth
 + Level 0.2 Shields
 + Level 2.4 Spellcasting
 + Level 0.7 Transmutations
 + Level 4.8 Earth Magic


You had 6 spell levels left.
You knew the following spells:

 Your Spells              Type           Power      Damage    Failure   Level
a - Sandblast             Erth           36%        2d10      3%          1

Your spell library contained the following spells:

 Spells                   Type           Power      Damage    Failure   Level
 Passwall                 Tmut/Erth      9%         N/A       12%         2
 Freeze                   Ice            8%         1d3       26%         1
 Wereblood                Tmut           4%         N/A       28%         2
 Stone Arrow              Conj/Erth      20%        3d8       28%         3
 Frozen Ramparts          Ice            4%         1d1       58%         3
 Petrify                  Tmut/Erth      11%        N/A       61%         4
 Hailstorm                Conj/Ice       2%         3d3       94%         4
 Summon Hydra             Summ           1%         N/A       100%        7
 Sublimation of Blood     Necr           Unusable   N/A       N/A         2

Dungeon Overview and Level Annotations

Branches:
Dungeon (3/15)

Altars:
Qazlal

Portals:
Sewer: D:3


Innate Abilities, Weirdness & Mutations

You are immune to sickness and miasma.
Your stone body is resilient. (AC +3)
You are immune to poison.
You resist negative energy. (rN+)
You are resistant to electric shocks. (rElec)
You are resistant to unholy torment.
You are immune to petrification.
You have a pair of small horns on your head.
You do not regenerate when monsters are visible.
Your muscles are strong. (Str +4, Int/Dex -1)


Message History

Found a glowing drain.
Casting: Sandblast (safe; 3% risk of failure)
Confirm with . or Enter, or press ? or * to list all spells.
Okay, then.
Sorry, you're not good enough to have a special ability.
Casting: Sandblast (safe; 3% risk of failure)
Confirm with . or Enter, or press ? or * to list all spells.
Aiming: Sandblast (safe; 3% risk of failure)
Press: ? - help, Shift-Dir - straight line, f - river rat
Aim: a river rat (80% to hit)
The blast of sand hits the river rat.
The river rat is lightly wounded.
Casting: Sandblast (safe; 3% risk of failure)
Confirm with . or Enter, or press ? or * to list all spells.
Aiming: Sandblast (safe; 3% risk of failure)
Press: ? - help, Shift-Dir - straight line, f/p - river rat
Aim: a river rat (lightly wounded, 80% to hit)
The blast of sand hits the rat!
You kill the rat!
The river rat barely misses you.
Casting: Sandblast (safe; 3% risk of failure)
Confirm with . or Enter, or press ? or * to list all spells.
Aiming: Sandblast (safe; 3% risk of failure)
Press: ? - help, Shift-Dir - straight line, f/p - river rat
Aim: a river rat (lightly wounded, 80% to hit)
The blast of sand hits the river rat but does no damage.
The river rat is lightly wounded.
Casting: Sandblast (safe; 3% risk of failure)
Confirm with . or Enter, or press ? or * to list all spells.
Aiming: Sandblast (safe; 3% risk of failure)
Press: ? - help, Shift-Dir - straight line, f/p - river rat
Aim: a river rat (lightly wounded, 80% to hit)
The blast of sand hits the river rat.
The river rat is heavily wounded.
The river rat misses you. The river rat bites you.
* * * LOW HITPOINT WARNING * * *
The river rat bites you.
* * * LOW HITPOINT WARNING * * *
The river rat attacks as you move away! The river rat bites you!
You die...

# # #######
......########
#####..##....######
##............#
##.##..†...~~#
#.##....~.~~#
#.##..~~~r@r#
#..#...~##r##
##.#.~~~#~r~
...~.~#~∩~#
###...~+~~~#
##########


You could see 4 river rats.

Vanquished Creatures
  2 adders
  A river rat (D:3)
  2 dart slugs (D:1)
  2 orcs (D:3)
  5 endoplasms
  2 giant cockroaches (D:2)
  5 goblins
  7 hobgoblins
  3 kobolds (D:1)
  A quokka (D:1)
  5 ball pythons
  3 bats
  8 rats
46 creatures vanquished.

Notes
Turn   | Place    | Note
-------+----------+-------------------------------------------
     0 | D:1      | javelincjr the Gargoyle Earth Elementalist began the quest
                  | for the Orb.
     0 | D:1      | Reached XP level 1. HP: 10/10 MP: 3/3
   144 | D:1      | Reached skill level 4 in Earth Magic
   144 | D:1      | Reached XP level 2. HP: 15/15 MP: 5/5
   350 | D:1      | Found a faded altar of an unknown god.
   607 | D:1      | Reached XP level 3. HP: 19/19 MP: 2/6
  1988 | D:3      | Gained mutation: Your muscles are strong. (Str +4, Int/Dex
                  | -1) [potion of mutation]
  1988 | D:3      | Gained mutation: You do not regenerate when monsters are
                  | visible. [potion of mutation]
  1988 | D:3      | Gained mutation: You have a pair of small horns on your
                  | head. [potion of mutation]
  2030 | D:3      | Found a stormy altar of Qazlal.
  2042 | D:3      | Reached XP level 4. HP: 21/24 MP: 1/7
  2223 | D:3      | HP: 1/24 [river rat (2)]
  2311 | D:3      | Found a glowing drain.
  2316 | D:3      | Slain by a river rat

Illustrated notes

Levels and vault maps discovered:
D:1:      shiori_arrival_elements, layout_basic,
          hellmonk_ecumenical_altar_inner_sanctum, minmay_tree_intersection
D:2:      layout_basic, chequers_serial_rivers_micro_c, uniq_sigmund
D:3:      layout_loops_ring, nicolae_qazlal_scattered_showers,
          portal_sewer_entry_e

Skill      XL: |  1  2  3 |
---------------+----------+-----
Earth Magic    | 4 |  4.8
Dodging        | 2 |  2.0
Fighting       | |  0.2
Short Blades   | |  0.6
Stealth        | |  2.8
Shields        | |  0.2
Spellcasting   | |  2.4
Transmutations | |  0.7

Action                   |  1- 3 |  4- 6 || total
-------------------------+-------+-------++-------
Melee: Dagger            |    49 |    13 ||    62
       Headbutt          |       |     1 ||     1
 Cast: Sandblast         |    28 |    12 ||    40
  Use: Scroll            |     7 |       ||     7
       Potion            |     1 |       ||     1
 Stab: Sleeping          |     3 |       ||     3
Armor: Robe              |    21 |       ||    21
Dodge: Dodged            |    33 |    16 ||    49
Block: Buckler           |     8 |     4 ||    12
